 Dungeon Crawl Stone Soup version 0.27.1-2-g3b301248ec (webtiles) character file.

Game seed: 18421123110306554723

10523 pkoi the Carver (level 11, -20/86 (91) HPs)
             Began as a Minotaur Gladiator on Sept 26, 2021.
             Was a Priest of Ru.
             Demolished by a minotaur (21 damage)
             ... in a Gauntlet.
             The game lasted 00:15:35 (12480 turns).

pkoi the Carver (Minotaur Gladiator)               Turns: 12480, Time: 00:15:35

HP:   -20/86 (91)   AC: 14    Str: 20    XL:     11   Next: 37%
MP:   0/10          EV: 11    Int:  5    God:    Ru [***...]
Gold: 407           SH:  0    Dex: 18    Spells: 10/10 levels left

rFire    . . .     SeeInvis .   x - +2 scimitar (freeze)
rCold    + . .     Faith    .   (no shield)
rNeg     . . .     Spirit   +   g - +0 chain mail
rPois    .         Reflect  .   c - +1 hat
rElec    .         Harm     .   (no cloak)
rCorr    .         Rampage  .   (no gloves)
Will     .....     NoTele   +   p - +0 pair of boots of the Minstrel {Regen+}
Stlth    ..........             m - amulet of guardian spirit
HPRegen  1.24/turn              s - +6 ring of dexterity
MPRegen  0.12/turn              e - ring of protection from cold

@: mighty, lethally poisoned (-20 -> -27), exhausted, attractive, very slightly
contaminated, studying Long Blades, drained, invisible
A: horns 2, frail 1, weak 1, no air magic, no summoning magic, no transmutations
magic, retaliatory headbutt
a: Renounce Religion, Draw Out Power


You were in a Gauntlet.
You worshipped Ru.
Ru was most pleased with you.
You visited 3 branches of the dungeon, and saw 13 of its levels.
You also visited: Gauntlet.

You collected 517 gold pieces.
You spent 110 gold pieces at shops.

Inventory:

Hand Weapons
 a - a +0 long sword of venom
 x - a +2 scimitar of freezing (weapon)
 H - a +1 double sword
Missiles
 d - 3 throwing nets (quivered)
 h - 4 boomerangs of dispersal
 j - 3 boomerangs
 v - 10 javelins
 A - a curare-tipped dart
Armour
 c - a +1 hat (worn)
 g - a +0 chain mail (worn)
 p - the +0 pair of boots of the Minstrel (worn) {Regen+}
   (You found it in a Gauntlet)

   Regen:     It increases your rate of health regeneration.
Jewellery
 e - a ring of protection from cold (right hand)
 m - an amulet of guardian spirit (around neck)
 s - a +6 ring of dexterity (left hand)
 G - a ring of wizardry
 J - the amulet "Moplyrug" {RegenMP Dex+4}
   (You found it in a Gauntlet)

   [amulet of magic regeneration]

   It increases your rate of magic regeneration.
   Dex:       It affects your dexterity (+4).
Wands
 o - a wand of iceblast (11)
 r - a wand of polymorph (6)
 y - a wand of flame (15)
 C - a wand of acid (7)
Scrolls
 b - a scroll of immolation
 q - 2 scrolls of enchant armour
 w - a scroll of silence
 z - 3 scrolls of amnesia
 D - a scroll of blinking
 F - 2 scrolls of fear
Potions
 f - 2 potions of lignification
 i - a potion of magic
 k - 2 potions of attraction
 l - a potion of resistance
 n - a potion of flight
 t - a potion of heal wounds
 E - a potion of berserk rage {unknown}
 I - a potion of curing


   Skills:
 + Level 11.0 Fighting
 + Level 14.4 Long Blades
 - Level 2.0 Throwing
 + Level 10.7 Armour
 + Level 5.6 Dodging


You had 10 spell levels left.
You didn't know any spells.
Your spell library contained the following spells:

 Spells                   Type           Power      Damage    Failure   Level
 Corona                   Hex            0%         N/A       98%         1
 Foxfire                  Conj/Fire      0%         2x1d4     98%         1
 Pain                     Necr           0%         1d4       98%         1
 Ensorcelled Hibernation  Hex/Ice        0%         N/A       99%         2
 Conjure Flame            Conj/Fire      0%         6-21      100%        3
 Inner Flame              Hex/Fire       0%         N/A       100%        3
 Tukima's Dance           Hex            0%         N/A       100%        3
 Passage of Golubria      Tloc           N/A        N/A       100%        4
 Agony                    Necr           0%         N/A       100%        5
 Excruciating Wounds      Necr           0%         N/A       100%        5
 Yara's Violent Unravell  Hex/Tmut       Unusable   3d3       N/A         5

Dungeon Overview and Level Annotations

Branches:
Dungeon (11/15)            Temple (1/1) D:5            Lair (1/6) D:9
Gauntlet (1/1)
    Orc: D:9-12

Altars:
Ashenzari
Cheibriados
Dithmenos
Elyvilon
Fedhas
Gozag
Hepliaklqana
Kikubaaqudgha
Makhleb
Nemelex Xobeh
Okawaru
Qazlal
Ru
Sif Muna
Trog
Uskayaw
Vehumet
Wu Jian
Xom
Yredelemnul
Zin
The Shining One

Shops:
D:2 *   D:4 *   D:6 (*   D:7 *   D:10 [

Annotations:
D:9 Joseph Gauntlet 6 transporters


Innate Abilities, Weirdness & Mutations

You have a pair of horns on your head.
You are frail. (-10% HP)
You are weak. (Str -2)
You cannot study or cast Air magic.
You cannot study or cast Summoning magic.
You cannot study or cast Transmutations magic.
You reflexively headbutt those who attack you in melee.


Message History

The minotaur is moderately wounded.
You feel sick.
The minotaur hits you with a +1 great mace of venom!
* * * LOW HITPOINT WARNING * * *
The minotaur closely misses you.
Okay, then.
Unknown command.
You are restored by drawing out deep reserves of power within.
You feel drained.
You feel sick. The minotaur closely misses you. The minotaur gores you!
* * * LOW HITPOINT WARNING * * *
You fade into invisibility!
You feel sick.
The minotaur hits you with a +1 great mace of venom!!
* * * LOW HITPOINT WARNING * * *
You are lethally poisoned!
The minotaur gores you!
* * * LOW HITPOINT WARNING * * *
You are very lightly contaminated with residual magic.
You hit the minotaur but do no damage.
The minotaur is moderately wounded.
* * * LOW HITPOINT WARNING * * *
You feel very sick.
Unknown command.
You catch the helpless minotaur completely off-guard!
You hit the minotaur but do no damage.
The minotaur is moderately wounded.
* * * LOW HITPOINT WARNING * * *
You feel very sick. The minotaur closely misses you.
You riposte.
You catch the helpless minotaur completely off-guard!
You slice the minotaur!! You freeze the minotaur!
The minotaur is severely wounded.
The minotaur barely misses you.
You slash the minotaur! You freeze the minotaur.
The minotaur is almost dead.
* * * LOW HITPOINT WARNING * * *
You feel very sick.
The minotaur hits you with a +1 great mace of venom!!
You die...

#≈..#..... ##..#..##.
#≈..#"#..# ## #####
.###..#[#..# #. ....
..##≈..#©.###
##.##.###..###..#.#..#
#8.........##≈..#[#..#
#.....#.#..###..#..##.
#######@#.#....#..#.....
|8[8.8#H..#...©#..######
.H....'.###....#........
[8/8.8#...#....#.∩......
#######.#.#...©#..######
#.....#.#....#..#...#.
#8.........###..#.#.#.
##.##.###..##≈..#|#.#.
#.........###..#©##©#


You could see a minotaur.

Vanquished Creatures
  Fannar (D:10)
  A hell beast (Gauntlet)
  A two-headed ogre (D:10)
  Urug (D:10)
  Nergalle (D:10)
  Pikel (D:9)
  A manticore (D:9)
  A torpor snail (Gauntlet)
  A cane toad (Lair:1)
  A kobold demonologist (D:11)
  Maggie (D:7)
  A hornet (D:10)
  2 shadows
  2 wyverns (D:10)
  A vampire mosquito (D:11)
  A steam dragon (D:6)
  A swamp worm (Gauntlet)
  An acid dragon (D:10)
  A hell hound (Gauntlet)
  6 water moccasins
  2 ice beasts
  A sky beast (D:7)
  2 orc warriors
  A necrophage (D:8)
  6 wolves (Gauntlet)
  2 ogres
  4 centaurs
  A lemure (D:9)
  3 kobold brigands
  A bullfrog (D:8)
  4 scorpions
  A wyvern skeleton (D:7)
  3 killer bees (D:9)
  8 wights
  A centaur zombie (D:7)
  6 howler monkeys
  A jelly (D:4)
  3 orc priests
  A bullfrog skeleton (D:5)
  4 hounds
  2 centaur skeletons
  5 iguanas
  2 orc wizards
  A hound skeleton (D:4)
  7 gnolls
  8 adders
  A shadow imp (D:4)
  2 ufetubi (D:4)
  3 worms
  4 dart slugs
  16 orcs
  5 ball pythons
  3 bats
  5 endoplasms
  5 giant cockroaches
  4 goblins
  4 hobgoblins
  4 jackals (D:1)
  15 kobolds
  5 quokkas
  4 frilled lizards
  4 rats
191 creatures vanquished.

Vanquished Creatures (others)
  A vampire mosquito (D:11)
  An orc wizard (D:8)
  A demonic plant (Gauntlet)
  14 fungi
  13 plants
30 creatures vanquished.

Grand Total: 221 creatures vanquished

Notes
Turn   | Place    | Note
-------+----------+-------------------------------------------
     0 | D:1      | pkoi the Minotaur Gladiator began the quest for the Orb.
     0 | D:1      | Reached XP level 1. HP: 18/18 MP: 0/0
   183 | D:1      | Reached skill level 4 in Long Blades
   191 | D:1      | Reached XP level 2. HP: 23/25 MP: 1/1
   616 | D:1      | Found a faded altar of an unknown god.
   771 | D:1      | Reached skill level 5 in Long Blades
   782 | D:1      | Reached XP level 3. HP: 27/30 MP: 2/2
   854 | D:2      | Found Fyirak's Assorted Antiques.
   891 | D:2      | Found an opulent altar of Gozag.
  1133 | D:2      | Reached skill level 6 in Long Blades
  1133 | D:2      | Reached XP level 4. HP: 13/37 MP: 3/3
  2187 | D:3      | Found a sacrificial altar of Ru.
  2196 | D:3      | Became a worshipper of Ru the Awakened
  2649 | D:4      | Reached skill level 7 in Long Blades
  2649 | D:4      | Reached XP level 5. HP: 38/42 MP: 4/4
  3084 | D:4      | Found a blossoming altar of Fedhas.
  3173 | D:4      | Reached skill level 8 in Long Blades
  3523 | D:4      | Reached XP level 6. HP: 50/50 MP: 5/5
  3550 | D:4      | Gained mutation: You are frail. (-10% HP) [Ru sacrifice]
  3550 | D:4      | Reached * piety under Ru
  3550 | D:4      | Reached ** piety under Ru
  3858 | D:4      | Found Upriclud's Assorted Antiques.
  4142 | D:5      | Entered Level 5 of the Dungeon
  4142 | D:5      | Noticed an ice beast
  4147 | D:5      | Killed an ice beast
  4148 | D:5      | Reached skill level 9 in Long Blades
  4189 | D:5      | Found a shimmering altar of Xom.
  4196 | D:5      | Found a staircase to the Ecumenical Temple.
  4260 | Temple   | Entered the Ecumenical Temple
  4607 | D:5      | Reached XP level 7. HP: 47/50 MP: 6/6
  4711 | D:5      | Reached skill level 10 in Long Blades
  5057 | D:6      | Noticed a steam dragon
  5066 | D:6      | Killed a steam dragon
  5067 | D:6      | Reached skill level 1 in Armour
  5194 | D:6      | Reached XP level 8. HP: 54/59 MP: 7/7
  5450 | D:6      | Found Hywait's Serpentskin Sales.
  5469 | D:6      | Reached skill level 5 in Fighting
  6020 | D:6      | Found an ornate altar of the Wu Jian Council.
  6022 | D:6      | Found a sparkling altar of Nemelex Xobeh.
  6022 | D:6      | Found a shimmering blue altar of Sif Muna.
  6048 | D:6      | Found a hazy altar of Hepliaklqana.
  6052 | D:6      | Found a shadowy altar of Dithmenos.
  6107 | D:6      | Reached skill level 11 in Long Blades
  6115 | D:6      | Found Ginoxag's Weapon Emporium.
  6743 | D:7      | Reached skill level 5 in Armour
  6761 | D:7      | Found a white marble altar of Elyvilon.
  6932 | D:7      | Found Lejeo's Lightly-Used Armoury.
  6938 | D:7      | Bought a -1 double sword for 110 gold pieces
  6945 | D:7      | Gained mutation: You cannot study or cast Air magic. [Ru
                  | sacrifice]
  6945 | D:7      | Gained mutation: You cannot study or cast Transmutations
                  | magic. [Ru sacrifice]
  6945 | D:7      | Gained mutation: You cannot study or cast Summoning magic.
                  | [Ru sacrifice]
  6945 | D:7      | Reached *** piety under Ru
  7039 | D:7      | Found a glowing silver altar of Zin.
  7046 | D:7      | Noticed Maggie
  7059 | D:7      | Killed Maggie
  7060 | D:7      | Reached XP level 9. HP: 45/70 MP: 8/8
  8095 | D:8      | Reached skill level 12 in Long Blades
  9077 | D:9      | Noticed Pikel
  9087 | D:9      | Killed Pikel
  9138 | D:9      | Reached XP level 10. HP: 66/81 MP: 9/9
  9149 | D:9      | Noticed Joseph
  9288 | D:9      | Found a staircase to the Lair.
  9347 | D:9      | Found a broken altar of Ashenzari.
  9351 | D:9      | Saw a vision of the Swamp and the Spider Nest.
  9431 | D:9      | Noticed a manticore
  9438 | D:9      | Killed a manticore
  9746 | D:9      | Reached skill level 13 in Long Blades
  9763 | D:10     | Entered Level 10 of the Dungeon
  9765 | D:10     | Noticed Fannar
  9778 | D:10     | Killed Fannar
 10014 | D:10     | Noticed a two-headed ogre
 10018 | D:10     | Killed a two-headed ogre
 10092 | D:10     | Reached skill level 10 in Fighting
 10182 | D:10     | Found Ahepo's Armour Boutique.
 10209 | D:10     | Gained mutation: You are weak. (Str -2) [Ru sacrifice]
 10428 | D:10     | Noticed Urug
 10436 | D:10     | Killed Urug
 10437 | D:10     | Reached skill level 10 in Armour
 10669 | D:10     | Noticed Nergalle
 10676 | D:10     | Killed Nergalle
 10677 | D:10     | Reached XP level 11. HP: 84/90 MP: 10/10
 11432 | D:11     | Identified a scroll of acquirement
 11432 | D:11     | Acquired a manual of Long Blades
 11835 | Lair:1   | Entered Level 1 of the Lair of Beasts
 11842 | Lair:1   | Reached skill level 14 in Long Blades
 12049 | Lair:1   | Found a gate leading to a gauntlet.
 12058 | Gauntlet | Entered a Gauntlet
 12058 | Gauntlet | Found a transporter.
 12058 | Gauntlet | Found a transporter.
 12085 | Gauntlet | Noticed a fire crab
 12104 | Gauntlet | Found a transporter.
 12104 | Gauntlet | Found a transporter.
 12104 | Gauntlet | Found a transporter.
 12107 | Gauntlet | Found a transporter.
 12113 | Gauntlet | Found a runed translucent gate.
 12113 | Gauntlet | Found a runed translucent gate.
 12113 | Gauntlet | Found a runed translucent gate.
 12114 | Gauntlet | Found a transporter.
 12115 | Gauntlet | Found a transporter.
 12116 | Gauntlet | Found a transporter.
 12118 | Gauntlet | Found a transporter.
 12122 | Gauntlet | Noticed a hell beast
 12126 | Gauntlet | Found a transporter.
 12127 | Gauntlet | Found a transporter.
 12279 | Gauntlet | Identified the +0 pair of boots of the Minstrel {Regen+}
 12303 | Gauntlet | Reached skill level 5 in Dodging
 12419 | Gauntlet | Killed a hell beast
 12430 | Gauntlet | Identified the amulet "Moplyrug" {RegenMP Dex+4}
 12463 | Gauntlet | Noticed a minotaur
 12479 | Gauntlet | HP: 4/86 [poisoned by a minotaur]
 12480 | Gauntlet | HP: 1/86 [poisoned by a minotaur]
 12480 | Gauntlet | Demolished by a minotaur

Illustrated notes

Levels and vault maps discovered:
D:1:      psy_arrival_radial01, layout_basic, ebering_ecumenical_altar_hall,
          dk_noncrumbling_4
D:2:      layout_loops_ring, basic_altar, serial_shops, shop
D:3:      layout_basic, mainiacjoe_overflow_alcove_1, chequers_decorated_corner
D:4:      layout_layer_cave, fedhas_altar_fruit_tree, serial_shops,
          kennysheep_mini_moat
D:5:      layout_basic, lemuel_tele_altar, minmay_temple_entry_mist
D:6:      layout_loops_ring, minmay_overflow_temple_star_hex,
          nicolae_inconvenience_store, guppyfry_shop_venom
D:7:      layout_gridville, mainiacjoe_overflow_24_doors, elyvilon_altar_5,
          st_stairs_5, minmay_shop_damaged, hangedman_decor_push, uniq_maggie
D:8:      layout_loops_ring
D:9:      layout_loops_ring, grunt_ashenzari_visionary
          [grunt_ashenzari_visionary_swamp, grunt_ashenzari_visionary_spider],
          grunt_lair_entry_orc_guard_hut, erik_orc_1, uniq_pikel, uniq_joseph
D:10:     layout_loops_cross, serial_shops, shop, uniq_fannar, uniq_urug,
          uniq_nergalle
D:11:     layout_irregular_city
Temple:   minmay_temple_curvy_loop
Lair:1:   layout_roguey, gauntlet_entry_generic
Gauntlet: minmay_gauntlet_mixed_big_or_small [gammafunk_gauntlet_arena_chambers,
          minmay_gauntlet_arena_77_museum, gammafunk_gauntlet_arena_teeth,
          minmay_gauntlet_arena_77_run_for_it, nicolae_gauntlet_arena_quarters,
          minmay_gauntlet_arena_77_two_paths,
          nicolae_gauntlet_exit_dead_adventurers]

Skill      XL: |  1  2  3  4  5  6  7  8  9 10 11 |
---------------+----------------------------------+-----
Long Blades    | 4 5 6 7 8 9 10 11 12 13 14 | 14.4
Fighting       | 4 6 8 10 11 | 11.0
Armour         | 3 6 8 10 | 10.7
Dodging        | 4 5 |  5.6
Throwing       | |  2.0

Action                   |  1- 3 |  4- 6 |  7- 9 | 10-12 || total
-------------------------+-------+-------+-------+-------++-------
Melee: Long sword        |    75 |   109 |   150 |       ||   334
       Headbutt          |    16 |    18 |    55 |    47 ||   136
       Scimitar          |       |       |    78 |   113 ||   191
       Double sword      |       |       |       |    31 ||    31
Invok: Sacrifice Health  |       |     1 |       |       ||     1
       Sacrifice Arcana  |       |       |     1 |       ||     1
       Sacrifice Purity  |       |       |       |     1 ||     1
       Draw Out Power    |       |       |       |     2 ||     2
  Use: Scroll            |       |     5 |     3 |     9 ||    17
       Potion            |       |       |       |     4 ||     4
 Stab: Invisible         |       |       |     4 |     4 ||     8
       Distracted        |       |       |       |     1 ||     1
Armor: Leather armour    |     3 |       |       |       ||     3
       Chain mail        |    30 |    61 |    80 |    53 ||   224
Dodge: Dodged            |    36 |    36 |    84 |    60 ||   216
       Rpst.: Long sword |     6 |    11 |    18 |       ||    35
       Scimitar          |       |       |    10 |    15 ||    25
       Double sword      |       |       |       |     4 ||     4
